Map: Eternal Empire LE

Players

HellraiseR - Winner!

  • Race: Protoss Protoss
  • League: Master
  • Spawn Location: 1:00

BratOK (Brat_OK)

  • Race: Terran Terran
  • League: Master
  • Spawn Location: 7:00

Event: DreamHack SC2 Masters 2020 Fall

VOD

Have the link to the VOD?

Description

Time

  • Played on: Sept. 6, 2020, 12:13 p.m.
  • Length: 9:31

All games in this series

Show
View Real Time Build Order
Export as new Build Order

HellraiseR Protoss - Winner!

Build Orders: 1 Gate Expand, Zealot Archon, Dark Templar Rush 

Get SALT Encoding   

  12  0:01  Probe  
  13  0:13  Probe  
  14  0:17  Pylon  
  14  0:25  Probe (Chrono Boost)  
  15  0:37  Probe (Chrono Boost), Gateway  
  16  0:43  Probe (Chrono Boost)  
  16  0:46  Assimilator  
  17  0:51  Probe  
  18  1:03  Probe  
  19  1:16  Probe  
  20  1:23  Cybernetics Core  
  20  1:34  Nexus  
  20  1:42  Pylon  
  20  1:46  Probe  
  21  1:52  Assimilator  
  21  1:57  Adept (Chrono Boost)  
  21  1:58  Probe  
  24  2:03  Warp Gate  
  24  2:10  Probe (Chrono Boost)  
  25  2:21  Probe (Chrono Boost)  
  26  2:24  Twilight Council  
  26  2:26  Probe (Chrono Boost)  
  28  2:37  Probe (Chrono Boost)  
  28  2:38  Robotics Facility  
  28  2:47  Probe (Chrono Boost)  
  30  2:54  Probe (Chrono Boost)  
  30  2:56  Probe (Chrono Boost)  
  30  2:58  Gateway  
  31  3:01  Probe x2 (Chrono Boost)  
  33  3:08  Dark Shrine  
  33  3:17  Gateway  
  34  3:23  Warp Prism (Chrono Boost)  
  35  3:31  Probe  
  35  3:32  Probe  
  37  3:37  Pylon  
  37  3:43  Probe  
  37  3:44  Probe  
  39  3:49  Assimilator  
  39  3:53  Observer  
  40  3:55  Pylon  
  40  3:56  Probe (Chrono Boost), Stalker  
  40  4:00  Probe (Chrono Boost)  
  44  4:06  Assimilator  
  44  4:08  Probe (Chrono Boost)  
  45  4:13  Pylon  
  45  4:16  Probe (Chrono Boost)  
  47  4:17  Probe (Chrono Boost)  
  47  4:21  Dark Templar x2  
  51  4:24  Probe  
  51  4:26  Probe  
  53  4:36  Probe  
  52  4:41  Dark Templar  
  52  4:42  Probe  
  55  4:48  Probe  
  53  4:58  Stalker x2, Charge  
  57  5:01  Probe  
  57  5:02  Probe  
  59  5:13  Probe  
  61  5:14  Probe  
  61  5:21  Zealot x3  
  65  5:26  Forge  
  65  5:31  Nexus  
  65  5:43  Gateway x2  
  65  5:47  Probe  
  65  5:48  Probe  
  64  5:51  Protoss Ground Weapons Level 1 (Chrono Boost)  
  64  5:59  Probe  
  64  6:03  Stalker  
  65  6:07  Probe  
  66  6:12  Probe  
  67  6:19  Probe  
  67  6:24  Probe  
  68  6:26  Gateway x2  
  68  6:28  Gateway  
  68  6:29  Observer  
  68  6:31  Blink  
  68  6:32  Probe, Pylon  
  70  6:43  Probe (Chrono Boost)  
  70  6:44  Probe (Chrono Boost)  
  73  6:48  Probe (Chrono Boost)  
  73  6:50  Stalker x2  
  73  6:53  Probe x2 (Chrono Boost)  
  79  6:57  Probe (Chrono Boost)  
  79  6:58  Probe x2 (Chrono Boost)  
  82  7:05  Photon Cannon  
  82  7:07  Probe  
  84  7:08  Observer  
  84  7:10  Probe  
  84  7:13  Pylon  
  84  7:14  Dark Templar x2  
  89  7:16  Probe  
  89  7:19  Pylon  
  89  7:20  Archon  
  90  7:23  Photon Cannon  
  90  7:25  Pylon  
  90  7:28  Observer  
  90  7:30  Protoss Ground Armor Level 1 (Chrono Boost)  
  90  7:32  Dark Templar x2  
  90  7:36  Archon  
  90  7:37  Zealot x2  
  96  7:41  Probe x3  
  101  7:53  Dark Templar x2  
  101  7:54  Zealot x2  
  101  7:57  Assimilator  
  109  7:58  Pylon  
  109  7:59  Pylon  
  109  8:01  Assimilator  
  109  8:03  Archon  
  109  8:04  Zealot x3  
  115  8:10  Zealot  
  117  8:14  Photon Cannon  
  117  8:23  Zealot x2  
  117  8:24  Zealot x3  
  127  8:35  Forge  
  119  8:43  Stalker x3  
  119  8:47  Observer  
  119  8:48  Stalker, Zealot  
  114  8:51  Probe  
  114  8:53  Probe  
  114  8:54  Probe  
  111  8:58  Stalker x3  
  111  9:04  Probe  
  111  9:05  Probe  
  108  9:11  Probe  
  108  9:16  Probe  
Show
View Real Time Build Order
Export as new Build Order

BratOK Terran 

Build Orders: Liberator Opening 

Get SALT Encoding   

  12  0:00  SCV  
  13  0:12  SCV  
  14  0:17  Supply Depot  
  14  0:25  SCV  
  15  0:39  SCV, Barracks  
  16  0:43  Refinery  
  16  0:51  SCV  
  17  1:03  SCV  
  18  1:15  SCV  
  19  1:26  Marine  
  19  1:27  Orbital Command  
  20  1:43  Command Center  
  20  1:45  Barracks Reactor  
  20  1:52  Supply Depot  
  20  1:56  SCV  
  22  2:08  SCV  
  22  2:10  Factory  
  22  2:21  SCV, Refinery  
  23  2:23  Bunker, Marine  
  23  2:28  Marine  
  25  2:34  SCV  
  26  2:41  Marine  
  27  2:45  Marine  
  27  2:46  SCV  
  29  2:59  Widow Mine  
  29  3:00  Starport  
  29  3:02  Marine  
  29  3:03  Marine  
  33  3:06  Orbital Command  
  33  3:13  SCV  
  34  3:21  Widow Mine  
  34  3:23  Marine  
  37  3:34  SCV x2  
  37  3:38  Supply Depot  
  37  3:39  Medivac  
  41  3:42  Widow Mine  
  41  3:47  SCV  
  41  3:48  SCV  
  45  3:49  Marine  
  46  3:55  Supply Depot  
  46  3:59  Marine  
  46  4:00  SCV  
  48  4:03  Supply Depot  
  48  4:04  Factory Tech Lab  
  48  4:12  Liberator  
  51  4:17  SCV x2  
  51  4:18  Supply Depot  
  51  4:22  Engineering Bay  
  51  4:23  Cyclone  
  56  4:30  SCV  
  56  4:35  Marine  
  52  4:47  Marine  
  52  4:50  Supply Depot  
  53  4:53  Missile Turret, Marine  
  53  4:57  Viking  
  45  5:17  SCV x2  
  46  5:26  Missile Turret  
  46  5:27  Hellion  
  48  5:32  SCV x2  
  50  5:44  SCV x2  
  50  5:46  Marine x2  
  54  5:56  SCV x2  
  56  6:08  SCV x2, Command Center  
  58  6:12  Starport Reactor  
  58  6:18  Factory Tech Lab  
  58  6:20  SCV  
  58  6:21  Stimpack  
  58  6:23  Barracks  
  58  6:24  Marine, Barracks  
  60  6:31  SCV  
  61  6:35  SCV, Refinery  
  61  6:37  Refinery  
  62  6:43  SCV  
  62  6:47  Supply Depot  
  63  6:56  SCV x2  
  63  6:58  Starport Reactor  
  63  7:01  Supply Depot  
  65  7:02  Marine  
  66  7:10  Barracks  
  66  7:11  Barracks  
  66  7:13  Marine  
  66  7:14  Marine  
  68  7:24  Orbital Command  
  68  7:25  SCV x2  
  68  7:29  Terran Infantry Weapons Level 1  
  70  7:30  Supply Depot  
  70  7:33  Marauder, Marine x2  
  70  7:35  Siege Tank  
  77  7:45  Medivac x2  
  77  7:47  Marine x2  
  77  7:48  Orbital Command  
  77  7:49  SCV x2  
  85  7:57  Missile Turret  
  85  8:00  Barracks Tech Lab  
  85  8:01  Marauder, Marine, Barracks Tech Lab  
  85  8:02  SCV x2  
  85  8:05  Marine  
  91  8:10  Refinery  
  91  8:12  Siege Tank  
  94  8:14  SCV x2  
  94  8:15  SCV  
  94  8:19  Supply Depot  
  97  8:23  Marauder x2, Marine x2  
  97  8:26  SCV  
  97  8:27  SCV x2  
  105  8:36  Marine x3  
  105  8:37  Supply Depot  
  105  8:38  Supply Depot  
  105  8:40  Marine  
  105  8:41  Marine  
  110  8:44  Marine x2  
  71  9:02  Marine x7  

Tags
 
Add a new tag
Caveats
  • Supply blocks, unpowered buildings, or Contaminate may cause inaccurate times.
  • Supply counts are checked every 10 seconds.